 Dungeon Sprint DCSS version 0.29.1-15-g9cfb28693d (webtiles) character file.

Game seed: 4264263671995115315

10486 Heoruswealwe the Executioner (level 11, -1/113 HPs)
             Began as a Hill Orc Fighter on Aug 27, 2023.
             Was the Champion of the Shining One.
             Slain by a lorocyproca (3 damage)
             ... in the Dungeon (Sprint I: "Red Sonja").
             The game lasted 00:26:58 (1764 turns).

Heoruswealwe the Executioner (Hill Orc Fighter)     Turns: 1764, Time: 00:26:58

Health: -1/113     AC: 13    Str: 21    XL:     11   Next: 62%
Magic:  3/23       EV:  8    Int: 12    God:    the Shining One [******]
Gold:   80         SH:  0    Dex:  9    Spells: 10/10 levels left

rFire   + . .      SeeInvis .   h - +1 broad axe (elec)
rCold   . . .      Faith    .   (no shield)
rNeg    + + +      Spirit   .   c - +3 chain mail {rF+}
rPois   .          Reflect  .   g - +0 helmet
rElec   .          Harm     .   (no cloak)
rCorr   .          Rampage  .   (no gloves)
Will    .....      NoTele   +   (no boots)
Stlth   ..........              (no amulet)
HPRegen 0.28/turn               (no ring)
MPRegen 0.18/turn               (no ring)

@: glowing
A: clever 1, deformed body, screaming 1, weak 1
a: Renounce Religion, Divine Shield, Cleansing Flame, Summon Divine Warrior,
Brand Weapon With Holy Wrath


You were in the Dungeon.
You worshipped the Shining One.
The Shining One was exalted by your worship.
You visited 1 branch You collected 1519 gold pieces.
You spent 1439 gold pieces at shops.

Inventory:

Hand Weapons
 a - a +0 antimagic battleaxe
 b - a +0 longbow
 h - a +1 broad axe of electrocution (weapon)
Armour
 c - a +3 chain mail of fire resistance (worn)
 d - a +0 buckler
 g - a +0 helmet (worn)
Wands
 f - a wand of charming (5)
 k - a wand of digging (4)
Scrolls
 l - a scroll of fear {unknown}
 p - a scroll of brand weapon
 r - a scroll of acquirement
Potions
 i - a potion of berserk rage
 m - a potion of invisibility {unknown}


   Skills:
 + Level 15.6 Fighting
 * Level 22.6 Axes
 + Level 14.4 Armour
 - Level 3.2 Shields
 + Level 16.4 Invocations


You had 10 spell levels left.
You didn't know any spells.
Your spell library contained the following spells:

 Spells                   Type           Power      Damage    Failure   Level
 Shock                    Conj/Air       0%         1d3       86%         1
 Inner Flame              Hex/Fire       0%         N/A       99%         3
 Swiftness                Air            0%         N/A       99%         3
 Airstrike                Air            0%         2d(0-16)  100%        4
 Cause Fear               Hex            0%         N/A       100%        4
 Discord                  Hex            0%         N/A       100%        8


Dungeon Overview and Level Annotations

Branches:
Dungeon (1/1)

Altars:
Cheibriados
Dithmenos
Elyvilon
Fedhas
Gozag
Hepliaklqana
Kikubaaqudgha
Makhleb
Nemelex Xobeh
Okawaru
Qazlal
Ru
Sif Muna
Trog
Uskayaw
Vehumet
Wu Jian
Xom
Yredelemnul
Zin
The Shining One
Jiyva
Lugonu

Shops:
D ?:[(([:*?***?[=:[:([*


Innate Abilities, Weirdness & Mutations

Your mind is acute. (Int +4, Str/Dex -1)
Armour fits poorly on your strangely shaped body.
You occasionally shout uncontrollably at your foes.
You are weak. (Str -2)


Message History

You feel better. The lorocyproca hits you!
* * * LOW HITPOINT WARNING * * *
You feel better. The lorocyproca hits you!
* * * LOW HITPOINT WARNING * * *
Okay, then.
You feel magic returning to you.
You hear the crackle of electricity.
h - a +1 broad axe of electrocution (weapon)
Okay, then.
Blink to where?
Press: ? - help, Dir - move target
As you read the scroll of blinking, it crumbles to dust.
You open the large door.
Found 405 gold pieces and a There-And-Back Book.
Found 108 gold pieces.
There is a large open door here.
Found 27 gold pieces.
You close the large door.
A lorocyproca opens the large door.
Found 108 gold pieces.
You are engulfed in freezing vapours.
The Shining One protects you from harm!
You see here 27 gold pieces.
Found 162 gold pieces.
You see here 27 gold pieces.
Found 81 gold pieces.
You see here 27 gold pieces.
You now have enough gold to buy a scroll of fear on this level, buy a scroll of vulnerability on this level, buy a potion of heal wounds on this level, or buy a scroll of identify on this level.
You can access your shopping list by pressing '$'.
You now have 80 gold pieces (gained 27).
You are engulfed in freezing vapours.
* * * LOW HITPOINT WARNING * * *
As you read the scroll of summoning, it crumbles to dust.
Wisps of shadow whirl around you...
You are engulfed in freezing vapours.
The Shining One protects you from harm! The lorocyproca misses you.
You slash the lorocyproca!
The lorocyproca is moderately wounded.
You are engulfed in freezing vapours.
The Shining One protects you from harm! The lorocyproca hits you.
You die...

§#####†.+,#'#$###+*,,,**,,*,,,,,*
.#..##+####..$#y#,**,,,*,,**,,,,*
§+..#.○.○.#..$###,,***,*,,~***+**
§#..#..○..+..$$$#*,*,*,*,,~,,*,**
###'###...#.....#,,***,*,,~,**+*,
###.+.#°○.###''##,**,,,*,,~**,,,,
#.###†#○.###..##*,,*+***,,~*,,,,,
')∩##.#..#*##$2###,,,*,~,,**,,,,,
#####.##+#$$#°$#@###,*,~,,*,,,,,,
...##.##.#$$$$g2○○$#,***,,*,,,,,,
....+.####$$$$○g$$$#,*,+,,**,,,,,
#####§#,,+$$$$○$####+*,**'**,,,,,
....#§#**##$$$###,,,,*,*~~~**,,,,
...#+.#,,,#####,,,****^*~~~~**,,,
..~####,,,,,,,,,***,,^,*~~~~~****
.~~#*,,,,,,,*****,,,,****~~~~*~~~
~~##*,,,,,,**,^,,,,,,*,,*'~~~'~~,


You could see a lorocyproca (invisible, ally target), a friendly hobgoblin
(summoned) and a friendly goblin (summoned).

Vanquished Creatures
  2 centaur warriors (D)
  Sonja (D)
  A deep troll (D)
  An oklob plant (D)
  A shining eye (D)
  2 demonic crawlers (D)
  A gargoyle (D)
  2 unseen horrors (D)
  2 kobold demonologists (D)
  A slime creature (D)
  A hornet (D)
  Sigmund (D)
  A yak (D)
  2 redbacks (D)
  4 floating eyes (D)
  An ogre (D)
  7 necrophages (D)
  8 jellies (D)
  Ijyb (D)
  A ballistomycete spore (D)
41 creatures vanquished.

Vanquished Creatures (collateral kills)
  7 shining eyes (D)
  2 demonic crawlers (D)
  2 floating eyes (D)
11 creatures vanquished.

Vanquished Creatures (others)
  A ballistomycete spore (D)
1 creature vanquished.

Grand Total: 53 creatures vanquished

Notes
Turn   | Place    | Note
-------+----------+-------------------------------------------
     0 | D        | Heoruswealwe the Hill Orc Fighter began the quest for the
                  | Orb.
     0 | D        | Reached XP level 1. HP: 19/19 MP: 1/1
     1 | D        | Noticed Ijyb
     9 | D        | Killed Ijyb
    10 | D        | Reached skill level 5 in Axes
    10 | D        | Reached XP level 2. HP: 27/28 MP: 1/4
    10 | D        | Reached XP level 3. HP: 33/34 MP: 1/5
    33 | D        | Noticed an ogre
    43 | D        | Killed an ogre
    44 | D        | Reached skill level 8 in Axes
    44 | D        | Reached skill level 5 in Armour
    44 | D        | Reached skill level 5 in Invocations
    44 | D        | Reached XP level 4. HP: 27/44 MP: 4/7
   160 | D        | Noticed Sigmund
   180 | D        | Killed Sigmund
   181 | D        | Reached skill level 10 in Axes
   181 | D        | Reached XP level 5. HP: 17/52 MP: 7/10
   181 | D        | Reached XP level 6. HP: 20/60 MP: 7/11
   378 | D        | Found an ornate altar of the Wu Jian Council.
   378 | D        | Found a shimmering blue altar of Sif Muna.
   380 | D        | Found a radiant altar of Vehumet.
   421 | D        | Found Esan's Antique Weapon Emporium.
   421 | D        | Found an ancient bone altar of Kikubaaqudgha.
   421 | D        | Found a hazy altar of Hepliaklqana.
   421 | D        | Found a stormy altar of Qazlal.
   421 | D        | Found a hide-covered altar of Uskayaw.
   421 | D        | Found a blossoming altar of Fedhas.
   421 | D        | Found a bloodstained altar of Trog.
   421 | D        | Found an iron altar of Okawaru.
   421 | D        | Found a basalt altar of Yredelemnul.
   421 | D        | Found a glowing golden altar of the Shining One.
   421 | D        | Found a snail-covered altar of Cheibriados.
   421 | D        | Found a sacrificial altar of Ru.
   421 | D        | Found a glowing silver altar of Zin.
   421 | D        | Found a shadowy altar of Dithmenos.
   421 | D        | Found a white marble altar of Elyvilon.
   421 | D        | Noticed a yak
   431 | D        | Killed a yak
   432 | D        | Reached skill level 12 in Axes
   432 | D        | Reached XP level 7. HP: 42/69 MP: 11/13
   432 | D        | Found an opulent altar of Gozag.
   433 | D        | Found a sparkling altar of Nemelex Xobeh.
   439 | D        | Became a worshipper of the Shining One
   442 | D        | Bought a runed broad axe for 168 gold pieces
   559 | D        | Found a burning altar of Makhleb.
   559 | D        | Found a viscous altar of Jiyva.
   559 | D        | Found a shimmering altar of Xom.
   559 | D        | Found a corrupted altar of Lugonu.
   559 | D        | Noticed a slime creature
   564 | D        | Killed a slime creature
   565 | D        | Reached skill level 13 in Axes
   614 | D        | Noticed a kobold demonologist
   614 | D        | Reached * piety under the Shining One
   614 | D        | Noticed a kobold demonologist
   620 | D        | Noticed a sixfirhy
   621 | D        | Killed a kobold demonologist
   621 | D        | Reached ** piety under the Shining One
   622 | D        | Reached skill level 10 in Fighting
   622 | D        | Reached skill level 14 in Axes
   622 | D        | Reached skill level 10 in Invocations
   622 | D        | Reached XP level 8. HP: 79/79 MP: 13/15
   624 | D        | Noticed an ice devil
   627 | D        | Killed a kobold demonologist
   628 | D        | Reached skill level 15 in Axes
   640 | D        | Noticed a centaur warrior
   642 | D        | Noticed a centaur warrior
   649 | D        | Killed a centaur warrior
   650 | D        | Reached skill level 16 in Axes
   650 | D        | Reached skill level 10 in Armour
   650 | D        | Reached XP level 9. HP: 47/89 MP: 17/17
   650 | D        | Killed a centaur warrior
   651 | D        | Reached skill level 17 in Axes
   656 | D        | Noticed a deep troll
   661 | D        | Killed a deep troll
   662 | D        | Reached skill level 18 in Axes
   698 | D        | Found Tymiasaq's Armour Emporium.
   704 | D        | Bought a +0 helmet for 63 gold pieces
   823 | D        | Noticed a hornet
   823 | D        | Reached *** piety under the Shining One
   828 | D        | Killed a hornet
   994 | D        | Noticed an oklob plant
  1001 | D        | Killed an oklob plant
  1002 | D        | Reached XP level 10. HP: 62/100 MP: 19/19
  1175 | D        | Noticed an unseen horror
  1175 | D        | Noticed an unseen horror
  1178 | D        | Killed an unseen horror
  1179 | D        | Reached skill level 19 in Axes
  1185 | D        | Killed an unseen horror
  1209 | D        | Reached **** piety under the Shining One
  1218 | D        | Reached ***** piety under the Shining One
  1234 | D        | Reached ****** piety under the Shining One
  1259 | D        | Found Miliuhad's General Store.
  1259 | D        | Found Viul's Book Shop.
  1259 | D        | Found Agheqe's Magic Scroll Boutique.
  1265 | D        | Found Vookesoso's Book Boutique.
  1265 | D        | Found Curghan's Assorted Antiques.
  1265 | D        | Found Fikhus's Weapon Emporium.
  1267 | D        | Found Zuxic's Antique Armour Boutique.
  1267 | D        | Found Lupura's Book Shoppe.
  1267 | D        | Found Lurest's Jewellery Shop.
  1267 | D        | Found Detzir's Antique Armour Emporium.
  1267 | D        | Found Ahouk's Magic Scroll Boutique.
  1267 | D        | Found Teus's Assorted Antiques.
  1267 | D        | Found Turghynn's Assorted Antiques.
  1269 | D        | Bought a green potion for 24 gold pieces
  1269 | D        | Bought a scroll labelled GAHEODETWI for 27 gold pieces
  1269 | D        | Bought a green potion for 24 gold pieces
  1271 | D        | Found Ohuan's General Store.
  1276 | D        | Bought a scroll of identify for 24 gold pieces
  1276 | D        | Bought a scroll of magic mapping for 90 gold pieces
  1276 | D        | Bought a scroll of acquirement for 624 gold pieces
  1276 | D        | Bought a scroll of identify for 24 gold pieces
  1277 | D        | Bought a scroll labelled FICILI CIACVOI for 26 gold pieces
  1277 | D        | Bought a scroll labelled BEZAPNY HYSAM for 26 gold pieces
  1278 | D        | Bought a brown potion for 29 gold pieces
  1280 | D        | Bought a scroll of identify for 28 gold pieces
  1309 | D        | Noticed Sonja
  1311 | D        | Killed Sonja
  1312 | D        | Reached skill level 20 in Axes
  1540 | D        | Found Hifripn's Magic Scroll Boutique.
  1548 | D        | Bought a scroll of identify for 22 gold pieces
  1548 | D        | Bought a scroll of identify for 22 gold pieces
  1574 | D        | Noticed a shining eye
  1574 | D        | Noticed a shining eye
  1574 | D        | Noticed a shining eye
  1574 | D        | Gained mutation: Armour fits poorly on your strangely
                  | shaped body. [a shining eye]
  1576 | D        | Noticed a shining eye
  1577 | D        | Gained mutation: You occasionally shout uncontrollably at
                  | your foes. [a shining eye]
  1580 | D        | Killed a shining eye
  1581 | D        | Killed a shining eye
  1581 | D        | Noticed a shining eye
  1582 | D        | Reached skill level 15 in Invocations
  1582 | D        | Reached XP level 11. HP: 110/110 MP: 13/22
  1582 | D        | Paralysed by a floating eye for 4 turns
  1583 | D        | Killed a shining eye
  1584 | D        | Reached skill level 21 in Axes
  1587 | D        | Gained mutation: Your mind is acute. (Int +4, Str/Dex -1)
                  | [a shining eye]
  1588 | D        | Killed a shining eye
  1589 | D        | Noticed a shining eye
  1589 | D        | Killed a shining eye
  1596 | D        | Killed a shining eye
  1598 | D        | Noticed a shining eye
  1598 | D        | Noticed a shining eye
  1598 | D        | Gained mutation: You are weak. (Str -2) [a shining eye]
  1599 | D        | Paralysed by a floating eye for 4 turns
  1602 | D        | Killed a shining eye
  1603 | D        | Reached skill level 15 in Fighting
  1612 | D        | Killed a shining eye
  1613 | D        | Reached skill level 22 in Axes
  1623 | D        | Found Xiang's Antique Weapon Shop.
  1623 | D        | Found Necetz's Book Shoppe.
  1623 | D        | Found Otuwnoq's Antique Armour Boutique.
  1623 | D        | Found Xielaff's Antique Armour Emporium.
  1639 | D        | Bought a glowing battleaxe for 218 gold pieces
  1739 | D        | Noticed a lorocyproca
  1747 | D        | Identified the +1 robe of Test {Str+4 Dex+2 Stlth+}
  1758 | D        | The Shining One protects you from harm!
  1762 | D        | HP: 1/113 [something (8)]
  1763 | D        | The Shining One protects you from harm!
  1764 | D        | The Shining One protects you from harm!
  1764 | D        | Slain by a lorocyproca

Illustrated notes

Levels and vault maps discovered:
D:        dungeon_sprint_1 [red_sonja_temple_1, red_sonja_temple_small_1]

Skill      XL: |  1  2  3  4  5  6  7  8  9 10 11 |
---------------+----------------------------------+-----
Fighting       | 4 6 7 8 10 11 12 14 15 | 15.6
Axes           | 5 8 10 12 14 16 18 20 22 | 22.6
Armour         | 4 5 6 7 9 10 11 13 14 | 14.4
Invocations    | 3 5 7 8 10 11 13 15 16 | 16.4
Shields        | |  3.2

Action                   |  1- 3 |  4- 6 |  7- 9 | 10-12 || total
-------------------------+-------+-------+-------+-------++-------
Melee: War axe           |    16 |    22 |       |       ||    38
       Broad axe         |       |       |    34 |    46 ||    80
       Battleaxe         |       |       |       |     7 ||     7
Invok: Summon Divine War |       |       |       |     1 ||     1
Evoke: Wand              |     1 |       |       |     1 ||     2
  Use: Potion            |       |       |     3 |     3 ||     6
       Scroll            |       |       |       |     9 ||     9
Armor: Scale mail        |     1 |     6 |       |       ||     7
       Chain mail        |       |     3 |    21 |    13 ||    37
Dodge: Dodged            |     8 |     5 |    11 |    15 ||    39
Block: Buckler           |     3 |     1 |     2 |     8 ||    14
